 Dungeon Crawl Stone Soup version 0.30-a0-1014-g3371b13838 (webtiles) character file.

Game seed: 6096636065950137085

15078 CryoSword the Cleaver (level 11, 0/83 HPs)
             Began as a Demonspawn Monk on Apr 6, 2023.
             Was a High Priest of Makhleb.
             Killed from afar by a hell hound (12 damage)
             ... with a blast of flame
             ... led by Azrael
             ... on level 12 of the Dungeon.
             The game lasted 00:15:19 (9376 turns).

CryoSword the Cleaver (Demonspawn Monk)             Turns: 9376, Time: 00:15:20

Health: 0/83       AC: 20    Str: 16    XL:     11   Next: 97%
Magic:  17/17      EV: 13    Int: 15    God:    Makhleb [*****.]
Gold:   645        SH: 10    Dex: 15    Spells: 10/10 levels left

rFire   . . .      SeeInvis .    w - +2 war axe "Fapsiy" {drain, Will+ Int+3 Stlth+}
rCold   . . .      Faith    .    t - +0 kite shield
rNeg    . . .      Spirit   .    I - +0 steam dragon scales
rPois   .          Reflect  .    (no helmet)
rElec   .          Rampage  .    (no cloak)
rCorr   .                        (no gloves)
Will    +....                    G - +2 pair of boots
Stlth   +++                      n - amulet of regeneration
HPRegen 1.13/turn                r - +4 ring of protection
MPRegen 0.15/turn                a - +4 ring of protection {=R}

@: invisible
A: ignite blood 1, powered by pain 3, sharp scales 3
a: Renounce Religion, Minor Destruction, Lesser Servant of Makhleb, Major
Destruction, Greater Servant of Makhleb


You were on level 12 of the Dungeon.
You worshipped Makhleb.
Makhleb was extremely pleased with you.
You visited 2 branches of the dungeon, and saw 13 of its levels.

You collected 645 gold pieces.

Inventory:

Hand Weapons
 w - the +2 war axe "Fapsiy" (weapon) {drain, Will+ Int+3 Stlth+}
   (You found it on level 2 of the Dungeon)

   Int:       It affects your intelligence (+3).
   Will:      It increases your willpower.
   Stlth:     It makes you more stealthy.
Missiles
 v - 2 curare-tipped darts (quivered)
 L - 9 boomerangs
Armour
 t - a +0 kite shield (worn)
   (You found it on level 3 of the Dungeon)
 G - a +2 pair of boots (worn)
   (You found it on level 6 of the Dungeon)
 I - +0 steam dragon scales (worn)
   (You found it on level 8 of the Dungeon)
Jewellery
 a - a +4 ring of protection (right hand) {=R}
   (You found it on level 8 of the Dungeon)
 n - an amulet of regeneration (around neck)
   (You found it on level 10 of the Dungeon)
 r - a +4 ring of protection (left hand)
   (You found it on level 7 of the Dungeon)
 x - a ring of protection from cold
   (You found it on level 7 of the Dungeon)
 C - a ring of protection from fire
   (You found it on level 7 of the Dungeon)
Wands
 F - a wand of acid (13)
   (You took it off an orc on level 5 of the Dungeon)
 J - a wand of iceblast (3)
   (You found it on level 10 of the Dungeon)
Scrolls
 b - 2 scrolls of fog {unknown}
 e - 5 scrolls of poison {!r}
 h - 2 scrolls of immolation {unknown}
 i - a scroll of acquirement {unknown}
 j - 3 scrolls of amnesia
 l - 3 scrolls of fear {unknown}
 o - 5 scrolls of teleportation {@r4}
 q - 4 scrolls of magic mapping {unknown}
 y - a scroll of torment {unknown}
 A - 3 scrolls of enchant weapon {unknown}
 H - a scroll of blinking {unknown}
Potions
 c - 2 potions of ambrosia
 f - a potion of mutation {!q}
 g - 2 potions of resistance {unknown}
 k - a potion of magic {unknown}
 m - 2 potions of invisibility
 p - 2 potions of cancellation
 s - 2 potions of might {unknown}
 u - 2 potions of berserk rage {unknown}
 z - a potion of flight {unknown}
 B - a potion of attraction {unknown}
 D - a potion of lignification {unknown}
 E - 4 potions of curing {@q1}


   Skills:
 + Level 6.4 Fighting
 + Level 11.8(12.1) Axes
 - Level 4.2(8.7) Polearms
 + Level 4.9 Armour
 + Level 5.8 Dodging
 - Level 1.7 Stealth
 * Level 7.3 Shields
 * Level 8.8 Invocations


You had 10 spell levels left.
You didn't know any spells.
Your spell library contained the following spells:

 Spells                   Type           Power      Damage    Failure   Level
 Alistair's Intoxication  Tmut/Pois      0%         N/A       100%        5
 Borgnjor's Vile Clutch   Necr/Erth      0%         N/A       100%        5
 Eringya's Noxious Bog    Tmut/Pois      0%         N/A       100%        6
 Chain Lightning          Conj/Air       0%         N/A       100%        9
 Fire Storm               Conj/Fire      0%         5d1       100%        9
 Shatter                  Erth           0%         3d5*      100%        9


Dungeon Overview and Level Annotations

Branches:
Dungeon (12/15)            Temple (1/1) D:7            Lair (0/5) D:8
    Orc (0/2) D:11

Altars:
Ashenzari
Cheibriados
Dithmenos
Fedhas
Gozag
Hepliaklqana
Kikubaaqudgha
Makhleb
Nemelex Xobeh
Okawaru
Qazlal
Ru
Sif Muna
Trog
Uskayaw
Vehumet
Wu Jian
Xom
Yredelemnul

Shops:
D:9 (

Annotations:
D:4 1 runed translucent door, Thjof's ghost, amateur DrTm
D:12 3 runed translucent doors, 112233's ghost, journeyman DEEE; Azrael


Innate Abilities, Weirdness & Mutations

Your demonic aura sometimes causes spilled blood to erupt in flames.
You are powered by pain.
You are completely covered in razor-sharp scales. (AC +3, Slay +3)


Message History

H - a scroll labelled ZYBBOT COJUVIDGH You hear the beating of a very distant drum.
Found a stone staircase leading up.
A wraith and a gargoyle come into view.
You feel a little less agile now. The wraith barely misses you.
You barely miss the wraith. You block the wraith's attack.
You slash the wraith! You block the wraith's attack.
You hit the wraith. The wraith hits you.
You slash the wraith! The wraith hits you. The wraith drains your vigour!
You feel yourself slow down.
You slash the wraith!
You destroy the wraith!
Makhleb accepts your kill.
You can now summon a greater servant of Makhleb.
You feel better. The gargoyle misses you.
You hit the gargoyle but do no damage. You block the gargoyle's attack.
You slash the gargoyle! You block the gargoyle's attack.
The gargoyle hurls a stone arrow at you.
The stone arrow hits you.
You barely miss the gargoyle. The gargoyle completely misses you.
You hit the gargoyle. You block the gargoyle's attack. x2
You hit the gargoyle.
The gargoyle hurls a stone arrow at you.
The stone arrow hits you!! You block the gargoyle's attack.
You hit the gargoyle.
The gargoyle hurls a stone arrow at you.
The stone arrow hits you but does no damage.
You slash the gargoyle!
You destroy the gargoyle!
Makhleb accepts your kill.
You feel better.
You feel yourself speed up.
You see here a +0 mace.
Okay, then.
Found a wand of acid (5).
Found 16 gold pieces.
Found a stone staircase leading down.
F - a wand of acid (13) (gained 5 charges)
You now have 645 gold pieces (gained 16).
There is a stone staircase leading down here.
There is a stone staircase leading down here.
You hear the beating of a very distant drum.
You see here a +0 mace.
You open the door.
Azrael, 2 fire elementals and 3 hell hounds come into view.
Azrael is wielding a +0 scimitar of flaming.
A fire elemental comes into view.
There is an open door here.
Okay, then.
The helpless fire elemental fails to defend itself.
You slash the fire elemental!
The hell hound barks! x2
The fire elemental hits you.
You slash the fire elemental!
You block the fire elemental's attack. x2
A demon appears!
The hell hound breathes flames at you. The blast of flame hits you!
The hell hound breathes flames at you.
The blast of flame hits the hell hound.
The hell hound completely resists.
The blast of flame hits the fire elemental.
The fire elemental completely resists.
The blast of flame hits you!
You hit Azrael. You hit the fire elemental.
The fire elemental hits your orange demon.
The fire elemental burns your orange demon!
You block the fire elemental's attack. The hell hound bites your orange demon.
Azrael gestures at you.
The fireball explodes!
The fireball engulfs you!!
* * * LOW HITPOINT WARNING * * *
The fireball engulfs Azrael.
Azrael completely resists.
The fireball engulfs the fire elemental.
The fire elemental completely resists.
The fireball engulfs your orange demon!!
The fire elemental hits your orange demon.
The fire elemental burns your orange demon!
Your orange demon dies!
Your orange demon disappears in a puff of smoke!
The hell hound breathes flames at you.
The blast of flame hits the fire elemental.
The fire elemental completely resists.
The blast of flame hits you!
* * * LOW HITPOINT WARNING * * *
Okay, then.
You feel much better. The fire elemental hits you.
The fire elemental burns you!
* * * LOW HITPOINT WARNING * * *
Azrael hits you with a +0 scimitar of flaming.
* * * LOW HITPOINT WARNING * * *
Azrael burns you.
* * * LOW HITPOINT WARNING * * *
The hell hound breathes flames at you. The blast of flame misses you.
You block the fire elemental's attack.
You feel much better. The hell hound misses you.
Azrael hits you with a +0 scimitar of flaming.
Azrael burns you. The fire elemental misses you.
Okay, then.
As you read the scroll labelled KOTSAG DIOTOOLA, it crumbles to dust.
It is a scroll of amnesia.
You feel forgetful for a moment.
You hear the loud beating of a very distant drum.
The hell hound closely misses you. The fire elemental hits you.
The fire elemental burns you!
Azrael hits you with a +0 scimitar of flaming!
* * * LOW HITPOINT WARNING * * *
Azrael burns you.
* * * LOW HITPOINT WARNING * * *
You block the hell hound's attack.
You feel much better. The fire elemental hits you.
The hell hound barely misses you. Azrael misses you.
You block the fire elemental's attack.
Here: Azrael, wielding a +0 scimitar of flaming (lightly wounded)
The floor, spattered with blood.
You fade into invisibility!
You block the hell hound's attack. Azrael gestures at you.
The fireball explodes!
The fireball engulfs you!!!
Ouch! That really hurt!
* * * LOW HITPOINT WARNING * * *
The fireball engulfs Azrael.
Azrael completely resists.
The fireball engulfs the fire elemental.
The fire elemental completely resists.
The fireball engulfs the hell hound.
The hell hound completely resists.
You block the hell hound's attack. The fire elemental barely misses you.
The hell hound attacks as you move away!
The hell hound barely misses you. The hell hound breathes flames at you.
The blast of flame hits Azrael.
Azrael completely resists.
The blast of flame hits you but does no damage.
The hell hound attacks as you move away!
The hell hound closely misses you. You block the hell hound's attack.
The hell hound attacks as you move away!
You block the hell hound's attack. The hell hound closely misses you.
The hell hound breathes flames at you. The blast of flame misses you.
The hell hound breathes flames at you.
The blast of flame hits the hell hound.
The hell hound completely resists.
The blast of flame hits the hell hound.
The hell hound completely resists.
The blast of flame hits you but does no damage.
The hell hound bites you!
* * * LOW HITPOINT WARNING * * *
You slash the hell hound! The hell hound breathes flames at you.
The blast of flame hits you!
* * * LOW HITPOINT WARNING * * *
You block the hell hound's attack. The hell hound breathes flames at you.
The blast of flame hits the hell hound.
The hell hound completely resists.
The blast of flame hits the hell hound.
The hell hound completely resists.
The blast of flame hits you!
You die...

#.........# #...##
#. #####..####
#))#######. ##....#
#))........
####.#####.)######.#
#........# #.#
#.####...#### #.#
#.# #.......# #.#
####)###....##.# #.#
#..@........##.###.#
#.##.###............
#.##h# ##...########
#.##h####..## #
#.##h...hE○# #
#.########○# # #.#
#○# # #.# #○R☼# #
##.# #hh°E.# #


You could see 3 hell hounds.

Vanquished Creatures
  Josephine (D:11)
  3 two-headed ogres
  A tengu warrior (D:12)
  Urug (D:10)
  An orc knight (D:11)
  A gargoyle (D:12)
  A kobold demonologist (D:10)
  A troll (D:10)
  A shadow (D:10)
  22 yaks
  2 vampires
  A wyvern (D:8)
  7 wraiths
  A steam dragon (D:8)
  4 wargs (D:10)
  Duvessa (D:4)
  A black bear (D:6)
  3 orc warriors
  4 sky beasts
  An ice beast (D:8)
  An ogre (D:5)
  3 centaurs (D:9)
  A phantom (D:6)
  A kobold brigand (D:9)
  8 bullfrogs
  A gnoll sergeant (D:8)
  4 scorpions
  7 wights
  Dowan (D:4)
  A killer bee (D:4)
  9 electric eels
  6 hounds
  4 jellies
  A gnoll bouda (D:7)
  5 orc priests
  2 iguanas
  2 sleepcaps
  Jessica (D:2)
  18 orc wizards
  8 gnolls
  4 adders
  A shadow imp (D:7)
  5 white imps
  2 ufetubi
  A worm (D:2)
  A dart slug (D:5)
  46 orcs
  5 ball pythons
  9 bats
  5 endoplasms
  5 giant cockroaches
  6 goblins
  5 hobgoblins
  7 jackals
  9 kobolds
  4 quokkas
  3 frilled lizards
  2 rats (D:3)
262 creatures vanquished.

Vanquished Creatures (collateral kills)
  An orc knight (D:11)
  An orc warrior (D:11)
  3 orc priests (D:11)
  4 orcs (D:11)
9 creatures vanquished.

Vanquished Creatures (others)
  2 orcs (D:11)
  A fungus (D:12)
  3 plants (D:12)
6 creatures vanquished.

Grand Total: 277 creatures vanquished

Notes
Turn   | Place    | Note
-------+----------+-------------------------------------------
     0 | D:1      | CryoSword the Demonspawn Monk began the quest for the Orb.
     0 | D:1      | Reached XP level 1. HP: 18/18 MP: 1/1
   155 | D:1      | Gained mutation: You are partially covered in razor-sharp
                  | scales. (AC +1, Slay +1) [demonic ancestry]
   155 | D:1      | Reached XP level 2. HP: 24/24 MP: 2/2
   612 | D:1      | Gained mutation: Your demonic aura sometimes causes spilled
                  | blood to erupt in flames. [demonic ancestry]
   612 | D:1      | Reached XP level 3. HP: 29/29 MP: 3/3
   986 | D:2      | Found a snail-covered altar of Cheibriados.
  1047 | D:2      | Noticed Jessica
  1052 | D:2      | Killed Jessica
  1300 | D:2      | Reached XP level 4. HP: 35/35 MP: 4/4
  1379 | D:2      | Identified the +2 war axe "Fapsiy" {drain, Will+ Int+3
                  | Stlth+}
  1823 | D:3      | Reached skill level 1 in Axes
  1827 | D:3      | Reached skill level 2 in Axes
  1961 | D:4      | Found a runed translucent door.
  1961 | D:4      | Noticed Thjof's ghost (amateur DrTm)
  1988 | D:4      | Gained mutation: You sometimes gain a little power by
                  | taking damage. [demonic ancestry]
  1988 | D:4      | Reached XP level 5. HP: 41/41 MP: 5/5
  2086 | D:4      | Noticed Duvessa
  2088 | D:4      | Noticed Dowan
  2103 | D:4      | Killed Dowan
  2104 | D:4      | Reached skill level 3 in Axes
  2107 | D:4      | Killed Duvessa
  2108 | D:4      | Reached skill level 4 in Axes
  2108 | D:4      | Gained mutation: You sometimes gain power by taking damage.
                  | [demonic ancestry]
  2108 | D:4      | Reached XP level 6. HP: 25/47 MP: 6/6
  2632 | D:5      | Entered Level 5 of the Dungeon
  2690 | D:5      | Reached skill level 5 in Axes
  2815 | D:5      | Found a stormy altar of Qazlal.
  2826 | D:5      | Gained mutation: You are mostly covered in razor-sharp
                  | scales. (AC +2, Slay +2) [demonic ancestry]
  2826 | D:5      | Reached XP level 7. HP: 52/52 MP: 7/7
  2903 | D:5      | Reached skill level 6 in Axes
  3059 | D:5      | Identified the +4 trident "Uwanyj" {speed, Fly rElec Dex+3}
  3508 | D:6      | Reached skill level 7 in Axes
  3583 | D:6      | Gained mutation: You are powered by pain. [demonic
                  | ancestry]
  3583 | D:6      | Reached XP level 8. HP: 55/58 MP: 8/8
  3858 | D:6      | Reached skill level 8 in Axes
  3975 | D:6      | Found a broken altar of Ashenzari.
  3979 | D:6      | Noticed a two-headed ogre
  3995 | D:6      | Killed a two-headed ogre
  3996 | D:6      | Reached skill level 9 in Axes
  4193 | D:6      | Reached skill level 10 in Axes
  4579 | D:6      | Reached XP level 9. HP: 64/64 MP: 9/9
  4795 | D:7      | Found an opulent altar of Gozag.
  4824 | D:7      | Found a staircase to the Ecumenical Temple.
  5102 | Temple   | Entered the Ecumenical Temple
  5324 | Temple   | Became a worshipper of Makhleb the Destroyer
  5324 | Temple   | Reached * piety under Makhleb
  5324 | Temple   | Reached ** piety under Makhleb
  5389 | D:7      | Reached skill level 1 in Shields
  5931 | D:7      | Reached skill level 1 in Invocations
  5970 | D:7      | Reached skill level 1 in Armour
  6380 | D:8      | Reached skill level 11 in Axes
  6401 | D:8      | Found a staircase to the Lair.
  6436 | D:8      | Noticed a two-headed ogre
  6447 | D:8      | Killed a two-headed ogre
  6447 | D:8      | Reached *** piety under Makhleb
  6448 | D:8      | Gained mutation: You are completely covered in razor-sharp
                  | scales. (AC +3, Slay +3) [demonic ancestry]
  6448 | D:8      | Reached XP level 10. HP: 34/73 MP: 12/12
  6649 | D:8      | Identified the +5 falchion of the Onslaught {heavy, Str+7
                  | Int+2 Dex-2}
  6718 | D:8      | Found an iron altar of Okawaru.
  6739 | D:9      | Found Meliptau's Antique Weapon Shop.
  6786 | D:8      | Reached skill level 5 in Fighting
  6908 | D:9      | Found an ancient bone altar of Kikubaaqudgha.
  6969 | D:9      | Found a basalt altar of Yredelemnul.
  7258 | D:9      | Found a sacrificial altar of Ru.
  7265 | D:9      | Reached skill level 5 in Shields
  7459 | D:10     | Entered Level 10 of the Dungeon
  7557 | D:10     | Reached skill level 5 in Invocations
  7600 | D:10     | Found a radiant altar of Vehumet.
  7765 | D:10     | Noticed a rust devil
  7781 | D:10     | Noticed Urug
  7790 | D:10     | Killed Urug
  8002 | D:10     | Reached XP level 11. HP: 69/80 MP: 15/15
  8022 | D:10     | Reached skill level 5 in Dodging
  8181 | D:10     | Reached **** piety under Makhleb
  8401 | D:11     | Noticed Josephine
  8417 | D:11     | Killed Josephine
  8467 | D:11     | Found a burning altar of Makhleb.
  9002 | D:11     | Noticed an orc knight
  9011 | D:11     | Noticed an orc knight
  9012 | D:11     | Found a staircase to the Orcish Mines.
  9017 | D:11     | Killed an orc knight
  9029 | D:11     | Killed an orc knight
  9182 | D:12     | Noticed a tengu warrior
  9198 | D:12     | Killed a tengu warrior
  9204 | D:12     | Found a runed translucent gate.
  9206 | D:12     | Found a runed translucent gate.
  9206 | D:12     | Found a runed translucent gate.
  9206 | D:12     | Noticed 112233's ghost (journeyman DEEE)
  9223 | D:12     | Noticed a two-headed ogre
  9234 | D:12     | Killed a two-headed ogre
  9276 | D:12     | Reached ***** piety under Makhleb
  9355 | D:12     | Noticed Azrael
  9376 | D:12     | Killed from afar by a hell hound

Illustrated notes

Levels and vault maps discovered:
D:1:      arrival_zaba_pyramid, layout_loops_corners, minmay_misc_feat_chi
D:2:      layout_basic, basic_altar, uniq_jessica
D:3:      kennysheep_big_flooded_room, layout_rooms
D:4:      minmay_chambers_of_fours, layout_basic,
          hellmonk_ghost_happy_afterlife, uniq_duvessa
D:5:      layout_loops_ring, grunt_qazlal_clouds
D:6:      layout_layer_cave, nicolae_ashenzari_skybound
D:7:      minmay_the_grid_triangle_9x9_rhombus_full
          [minmay_the_grid_triangle_9x9_pentomino_pain,
          minmay_the_grid_triangle_9x9_corruption,
          minmay_the_grid_triangle_9x9_wacky_v,
          minmay_the_grid_triangle_9x9_odd_lines,
          minmay_the_grid_triangle_9x9_thin_v,
          minmay_the_grid_triangle_9x9_from_above,
          minmay_the_grid_triangle_9x9_sprig,
          minmay_the_grid_triangle_9x9_prize_center], layout_loops_ring,
          mainiacjoe_overflow_small_starburst
D:8:      minmay_flawed_box, layout_rooms, mainiacjoe_overflow_alcove_2,
          lair_entry_dummy
D:9:      layout_basic, nicolae_overflow_crystal_walls,
          mainiacjoe_overflow_concentric_impassable,
          mainiacjoe_overflow_cross_hatched, st_stairs_9,
          minmay_shop_grid_forest
D:10:     layout_roguey, vehumet_altar_wand_db, nooodl_orcs_dogs, uniq_urug
D:11:     layout_basic, david_orc_5, bloody_makhleb, uniq_josephine
D:12:     layout_loops_corners, gammafunk_ghost_nasty_kobolds,
          gauntlet_entry_generic, grunt_decor_cap, minmay_stone_trees_small,
          uniq_azrael, uniq_frances
Temple:   minmay_temple_curvy_branch

Skill      XL: |  1  2  3  4  5  6  7  8  9 10 11 |
---------------+----------------------------------+-----
Polearms       | 3 4 |  4.2
Axes           | 2 4 5 7 10 11 | 11.8
Shields        | 3 5 7 |  7.3
Invocations    | 3 5 8 |  8.8
Dodging        | 3 4 5 |  5.8
Armour         | 2 3 4 |  4.9
Fighting       | 4 5 6 |  6.4
Stealth        | |  1.7

Action                     |  1- 3 |  4- 6 |  7- 9 | 10-12 || total
---------------------------+-------+-------+-------+-------++-------
  Melee: Spear             |    63 |       |       |       ||    63
         Punch             |     2 |       |       |       ||     2
         Dagger            |    23 |     1 |       |       ||    24
         War axe           |       |    94 |   217 |   281 ||   592
  Throw: Dart              |       |       |       |     3 ||     3
 Invoke: Minor Destruction |       |       |     4 |    21 ||    25
         Lesser Servant of |       |       |       |     4 ||     4
  Evoke: Wand              |       |       |     2 |     6 ||     8
    Use: Scroll            |     3 |     4 |     2 |     2 ||    11
         Potion            |       |     1 |       |     7 ||     8
   Stab: Sleeping          |    10 |     5 |     4 |     6 ||    25
         Invisible         |       |     3 |       |     5 ||     8
         Distracted        |       |       |     1 |       ||     1
 Armour: Robe              |     8 |       |       |       ||     8
         Ring mail         |     7 |    44 |    81 |       ||   132
         Steam dragon scal |       |       |    12 |   128 ||   140
  Dodge: Dodged            |    48 |    64 |   105 |   149 ||   366
  Block: Buckler           |     3 |     8 |       |       ||    11
         Kite shield       |       |    27 |    97 |   153 ||   277

Table legend: (Time is in decaauts)
 A = Elapsed time spent in this place.
 B = Non-inter-level travel time spent in this place.
 C = Inter-level travel time spent in this place.
 D = Time resting spent in this place.
 E = Time spent auto-exploring this place.
 F = Levels seen in this place.
 G = Mean time per level.
                   A        B        C        D        E       F      G
               +--------+--------+--------+--------+--------+-----+--------+
         Total |   9498 |   9016 |    482 |    365 |   6658 |  13 |  730.6 |
       Dungeon |   9254 |   8793 |    461 |    365 |   6455 |  12 |  771.2 |
        Temple |    244 |    223 |     21 |      0 |    203 |   1 |  244.0 |
               +--------+--------+--------+--------+--------+-----+--------+

Top non-repeatable levels by time:
     D:6: 1618 daAuts
     D:1: 1095 daAuts
    D:10: 943 daAuts
     D:7: 881 daAuts
     D:5: 830 daAuts
    D:11: 793 daAuts
     D:4: 697 daAuts
     D:8: 684 daAuts
     D:9: 626 daAuts
     D:3: 534 daAuts
     D:2: 332 daAuts
  Temple: 244 daAuts
    D:12: 214 daAuts
